 Dungeon Crawl Stone Soup version 0.28.0-43-g3370ac3207 (webtiles) character file.

Game seed: 9585382302671908845

7 BIGUP the Slasher (level 1, 0/18 HPs)
             Began as a Minotaur Gladiator on Mar 10, 2022.
             Slain by a hobgoblin (3 damage)
             ... on level 1 of the Dungeon.
             The game lasted 00:01:53 (479 turns).

BIGUP the Slasher (Minotaur Gladiator)               Turns: 479, Time: 00:01:54

Health: 0/18       AC:  3    Str: 18    XL:     1   Next: 91%
Magic:  0/0        EV: 12    Int:  5    God:
Gold:   28         SH:  0    Dex: 11    Spells: 0/0 levels left

rFire   . . .      SeeInvis .   a - +0 long sword
rCold   . . .      Faith    .   (no shield)
rNeg    . . .      Spirit   .   b - +0 leather armour
rPois   .          Reflect  .   c - +0 hat
rElec   .          Harm     .   (no cloak)
rCorr   .          Rampage  .   (no gloves)
Will    .....                   (no boots)
Stlth   +.........              (no amulet)
HPRegen 0.06/turn               (no ring)
MPRegen 0.07/turn               (no ring)

@: no status effects
A: horns 2, retaliatory headbutt
a: no special abilities


You were on level 1 of the Dungeon.
You visited 1 branch of the dungeon, and saw 1 of its levels.

You collected 28 gold pieces.

Inventory:

Hand Weapons
 a - a +0 long sword (weapon)
Missiles
 d - 3 throwing nets (quivered)
Armour
 b - a +0 leather armour (worn)
 c - a +0 hat (worn)
Scrolls
 e - a scroll of identify {unknown}
 g - a scroll of fear {unknown}
Potions
 f - a potion of flight {unknown}


   Skills:
 + Level 2.5 Fighting
 + Level 3.9 Long Blades
 + Level 2.1 Throwing
 + Level 0.1 Armour
 + Level 3.4 Dodging


You couldn't memorise any spells.
You didn't know any spells.
Your spell library was empty.

Dungeon Overview and Level Annotations

Branches:
Dungeon (1/15)

Altars:


Innate Abilities, Weirdness & Mutations

You have a pair of horns on your head.
You reflexively headbutt those who attack you in melee.


Message History

The kobold shouts!
A hobgoblin comes into view.
The hobgoblin moves out of view.
There is an open door here.
Found a short sword.
The kobold throws a stone.
The stone hits you but does no damage.
The hobgoblin shouts!
You hear a shout!
You closely miss the hobgoblin. The hobgoblin barely misses you.
You barely miss the hobgoblin. You headbutt the hobgoblin.
You kill the hobgoblin!
A hobgoblin comes into view.
The hobgoblin shouts!
The hobgoblin barely misses you. The kobold hits you with a +0 club.
The kobold hits you but does no damage.
The hobgoblin hits you but does no damage.
The kobold throws a stone.
The stone hits you but does no damage. The hobgoblin closely misses you.
The kobold throws a stone.
The stone hits you.
You hit the hobgoblin. Your headbutt misses the hobgoblin.
The hobgoblin is heavily wounded.
The hobgoblin hits you. The hobgoblin misses you. You furiously retaliate!
You headbutt the hobgoblin, but do no damage.
The hobgoblin barely misses you. You furiously retaliate!
You headbutt the hobgoblin.
You kill the hobgoblin!
The kobold hits you with a +0 club.
* * * LOW HITPOINT WARNING * * *
The hobgoblin hits you.
* * * LOW HITPOINT WARNING * * *
You see here a hobgoblin corpse.
You completely miss the kobold. The kobold hits you but does no damage.
The hobgoblin barely misses you. The kobold barely misses you.
You miss the kobold. The hobgoblin hits you.
* * * LOW HITPOINT WARNING * * *
The kobold completely misses you. You furiously retaliate!
You headbutt the kobold, but do no damage.
You hit the kobold. You punch the kobold.
You kill the kobold!
The hobgoblin hits you.
You die...

####### #.##### ##
......# #.#...# #.
......# #.#...#
#..... ......#
#.#...# +.....
......######.#...#
#..!.
...†..+......#...###
#....
......####......g..#
#...
.##).....'.....)@..#
#.##
..###.####.........#
......# #.........#
#.#................#
.#.$..............#
..................#
..#..............).#
.....?..............
..#>..


You could see a hobgoblin.

Vanquished Creatures
  An endoplasm (D:1)
  A giant cockroach (D:1)
  2 hobgoblins (D:1)
  A kobold (D:1)
  2 ball pythons (D:1)
7 creatures vanquished.

Notes
Turn   | Place    | Note
-------+----------+-------------------------------------------
     0 | D:1      | BIGUP the Minotaur Gladiator began the quest for the Orb.
     0 | D:1      | Reached XP level 1. HP: 18/18 MP: 0/0
   479 | D:1      | Slain by a hobgoblin

Illustrated notes

Levels and vault maps discovered:
D:1:      elethiomel_arrival_maze, layout_basic,
          hellmonk_ecumenical_altar_watching_god

Action                   || total
-------------------------++-------
Melee: Long sword        ||    12
       Headbutt          ||     3
       Punch             ||     1
Armor: Leather armour    ||     7
Dodge: Dodged            ||    17
